 Dungeon Crawl Stone Soup version 0.23.2-33-g5129a83184 (webtiles) character file.

Game seed: 14008752481379753012

13038 FishyPogo the Protected (level 11, -7/99 HPs)
             Began as a Minotaur Monk on Aug 4, 2019.
             Was the Champion of Wu Jian.
             Mangled by an orc knight
             ... wielding a +0 glaive
              (18 damage)
             ... in a bailey.
             The game lasted 00:51:05 (10718 turns).

FishyPogo the Protected (Minotaur Monk)            Turns: 10718, Time: 00:51:06

Health: -7/99      AC: 15    Str: 18 (19) XL:     11   Next: 70%
Magic:  10/10      EV: 16    Int:  7      God:    Wu Jian [******]
Gold:   789        SH:  7    Dex: 16 (17) Spells: 10/10 levels left

rFire    + . .     SeeInvis .   D - +6 war axe (freeze) (curse)
rCold    . . .     Gourm    .   B - +0 buckler
rNeg     + . .     Faith    +   R - +0 troll leather armour
rPois    .         Spirit   .   (helmet restricted)
rElec    .         Reflect  .   G - +2 cloak
rCorr    .         Harm     .   J - +0 pair of gloves
MR       +....                  h - +2 pair of boots
Stlth    ++........             n - amulet of faith
HPRegen  0.66/turn              i - +4 ring of dexterity
MPRegen  0.12/turn              N - ring of positive energy

@: no status effects
A: retaliatory headbutt, horns 2, deterioration 1, fire resistance 1, magic
resistance 1
a: Wall Jump, Serpent's Lash, Heavenly Storm, Renounce Religion


You were in a bailey.
You worshipped Wu Jian.
Wu Jian was exalted by your worship.
You were not hungry.

You visited 1 branch of the dungeon, and saw 11 of its levels.
You also visited: Sewer and Bailey.

You collected 789 gold pieces.

Inventory:

Hand Weapons
 a - a +0 falchion
 x - a +1 spear of pain
 D - a cursed +6 war axe of freezing (weapon)
 K - a +3 flail
Missiles
 e - 391 stones (quivered)
Armour
 h - a +2 pair of boots (worn)
 j - a +0 chain mail
 l - a +2 shield of cold resistance
 B - a +0 buckler (worn)
 G - a +2 cloak (worn)
 J - a +0 pair of gloves (worn)
 R - a +0 troll leather armour (worn)
Jewellery
 i - a +4 ring of dexterity (left hand)
 n - an amulet of faith (around neck)
 q - an uncursed ring of magical power
 A - a +4 ring of dexterity
 N - a ring of positive energy (right hand)
Wands
 d - a wand of clouds (3)
 y - a wand of paralysis (5)
 z - a wand of disintegration (21)
 L - a wand of random effects (29)
 M - a wand of iceblast (8)
 P - a wand of polymorph (12)
Scrolls
 b - 6 scrolls of random uselessness
 f - 4 scrolls of remove curse
 g - a scroll of enchant weapon
 m - 2 scrolls of amnesia
 r - 3 scrolls of noise
 s - 2 scrolls of teleportation
 u - a scroll of immolation
 v - 7 scrolls of identify
 F - a scroll of enchant armour {unknown}
Potions
 k - a potion of agility
 o - 3 potions of berserk rage {unknown}
 p - 3 potions of heal wounds
 t - 5 potions of flight
 w - 3 potions of curing {unknown}
 C - 2 potions of mutation
 E - a potion of lignification
 H - 3 potions of invisibility {unknown}
 I - 2 potions of haste {unknown}
 Q - a potion of brilliance
 S - 3 potions of might {unknown}
 T - a potion of experience {unknown}
Comestibles
 c - 26 rations
 O - 15 chunks of flesh


   Skills:
 + Level 9.9 Fighting
 - Level 8.8 Long Blades
 * Level 6.7 Axes
 * Level 12.7 Armour
 + Level 6.1 Dodging
 - Level 2.0 Stealth
 * Level 10.4 Shields


You had 10 spell levels left.
You didn't know any spells.
Your spell library contained the following spells:

 Spells                   Type           Power        Failure   Level  Hunger
 Corona                   Hex            #......      45%         1    ##.....
 Slow                     Hex            #.......     61%         2    ###....
 Inner Flame              Hex/Fire       #.......     83%         3    ####...
 Portal Projectile        Hex/Tloc       #.....       83%         3    ####...
 Cause Fear               Hex            #.........   99%         4    #####..
 Leda's Liquefaction      Hex/Erth       #.........   99%         4    #####..


Dungeon Overview and Level Annotations

Branches:
Dungeon (11/15)            Temple (0/1) D:6            Lair (0/6) D:9
    Orc: D:9-12

Altars:
Fedhas
Gozag
Hepliaklqana
Okawaru
Ru
Trog
Uskayaw
Vehumet
Wu Jian
Yredelemnul
The Shining One

Shops:
D:9 %

Annotations:
D:2 3 exclusions, Natasha


Innate Abilities, Weirdness & Mutations

You reflexively headbutt those who attack you in melee.
You have a pair of horns on your head.
Your body sometimes deteriorates upon taking damage.
Your flesh is heat resistant. (rF+)
You are resistant to hostile enchantments. (MR+)


Message History

You kill the orc!
The Council accepts your kill.
You slash the orc knight! You freeze the orc knight.
You barely miss the orc knight.
The orc knight hits you from afar with a +0 glaive!
Your body deteriorates!
You feel weakened.
The orc warrior hits you from afar with a +0 halberd!
The orc knight hits you from afar with a +0 trident!!!
* * * LOW HITPOINT WARNING * * *
The orc knight hits you but does no damage.
You block the orc knight's attack.
Okay, then.
You feel much better. The orc knight misses you.
The orc warrior hits you from afar with a +0 halberd.
* * * LOW HITPOINT WARNING * * *
The orc knight hits you from afar with a +0 trident!
* * * LOW HITPOINT WARNING * * *
The orc knight hits you but does no damage.
The orc knight hits you from afar with a +0 glaive!!
You die...

#.......#
#.......#
#.......#
#.......#
#.......#
#..o..#
##oo'##
#..)o.#
#@..o.#
#...).#
#.....#
#..)..#
##'''##
##.....##
#.......#
#...)...#
#..).)..#


You could see 4 orc knights and an orc warrior.

Vanquished Creatures
  Harold (D:8)
  2 two-headed ogres
  A cyclops (D:11)
  Maurice (D:8)
  2 centaur zombies
  A troll (D:10)
  4 hornets
  5 slime creatures (D:10)
  A hippogriff (D:8)
  11 yaks
  A hungry ghost (D:10)
  2 soldier ants (D:8)
  2 water moccasins (D:7)
  A sky beast (D:5)
  10 orc warriors
  4 ogres
  2 phantoms
  4 centaurs
  2 bullfrogs
  A gnoll sergeant (D:3)
  2 water moccasin skeletons
  A scorpion (D:8)
  8 killer bees
  16 wights
  4 howler monkeys
  2 crimson imps
  4 jellies
  2 orc priests
  A bullfrog zombie (D:6)
  3 centaur skeletons
  5 gnoll shamans (D:3)
  A quasit (D:10)
  3 hounds
  A bullfrog skeleton (D:6)
  2 iguanas
  7 worker ants
  A merfolk siren (Sewer)
  5 orc wizards
  A merfolk avatar (Sewer)
  A statue (D:7)
  2 killer bee zombies
  A hound skeleton (D:8)
  A hound zombie (D:6)
  A worker ant zombie (D:9)
  30 gnolls (D:3)
  2 howler monkey skeletons
  A river rat (Sewer)
  15 adders
  A shadow imp (D:7)
  An adder skeleton (D:5)
  2 dart slugs
  13 leopard geckos
  52 orcs
  4 ball pythons (Sewer)
  14 giant cockroaches
  10 goblins
  4 hobgoblins
  32 jackals
  8 kobolds
  2 quokkas
  2 bats
  7 frilled lizards
  A leopard gecko skeleton (D:8)
  A quokka skeleton (D:4)
  2 quokka zombies
  27 rats
364 creatures vanquished.

Vanquished Creatures (others)
  A jackal (D:4)
1 creature vanquished.

Grand Total: 365 creatures vanquished

Notes
Turn   | Place    | Note
-------+----------+-------------------------------------------
     0 | D:1      | FishyPogo the Minotaur Monk began the quest for the Orb.
     0 | D:1      | Reached XP level 1. HP: 19/19 MP: 0/0
   109 | D:1      | Reached skill level 1 in Armour
   149 | D:1      | Reached XP level 2. HP: 25/27 MP: 1/1
   789 | D:2      | Reached XP level 3. HP: 32/33 MP: 2/2
   843 | D:2      | Noticed an ogre
  1117 | D:2      | Reached skill level 2 in Armour
  1186 | D:2      | Noticed Natasha
  1347 | D:3      | Reached XP level 4. HP: 31/40 MP: 3/3
  1482 | D:3      | Found an iron altar of Okawaru.
  1520 | D:3      | Reached skill level 3 in Armour
  1654 | D:3      | Found a faded altar of an unknown god.
  1660 | D:3      | Became a worshipper of the Wu Jian Council
  1660 | D:3      | Reached * piety under Wu Jian
  1660 | D:3      | Reached ** piety under Wu Jian
  1827 | D:3      | Noticed a bullfrog
  1836 | D:3      | Killed a bullfrog
  1836 | D:3      | Reached XP level 5. HP: 37/47 MP: 4/4
  1899 | D:3      | Reached *** piety under Wu Jian
  2015 | D:3      | Reached skill level 4 in Armour
  2022 | D:3      | Reached XP level 6. HP: 19/55 MP: 5/5
  2232 | D:3      | Reached skill level 5 in Fighting
  2232 | D:3      | Reached skill level 5 in Long Blades
  2294 | D:3      | Reached skill level 5 in Armour
  2505 | D:3      | Reached XP level 7. HP: 44/61 MP: 6/6
  2549 | D:3      | Reached **** piety under Wu Jian
  2555 | D:3      | Reached skill level 6 in Armour
  3542 | D:4      | Found a glowing drain.
  3558 | Sewer    | Entered a sewer
  3653 | Sewer    | Reached skill level 7 in Armour
  3700 | Sewer    | Reached ***** piety under Wu Jian
  3990 | D:4      | Reached XP level 8. HP: 19/71 MP: 7/7
  4370 | D:5      | Entered Level 5 of the Dungeon
  4507 | D:5      | Reached skill level 8 in Armour
  4891 | D:6      | Reached skill level 1 in Shields
  4980 | D:6      | Reached ****** piety under Wu Jian
  5377 | D:6      | Found a staircase to the Ecumenical Temple.
  5799 | D:7      | Reached skill level 9 in Armour
  5814 | D:7      | Reached XP level 9. HP: 68/79 MP: 8/8
  5861 | D:7      | Found a hazy altar of Hepliaklqana.
  6427 | D:7      | Found a bloodstained altar of Trog.
  6431 | D:7      | Found a hide-covered altar of Uskayaw.
  6479 | D:7      | Found a radiant altar of Vehumet.
  6628 | D:7      | Reached skill level 5 in Shields
  6644 | D:8      | Noticed a two-headed ogre
  6657 | D:8      | Noticed Harold
  6864 | D:7      | Killed a two-headed ogre
  6864 | D:7      | Reached skill level 10 in Armour
  7156 | D:8      | Killed Harold
  7156 | D:8      | Reached XP level 10. HP: 8/90 MP: 9/9
  7394 | D:8      | Noticed Maurice
  7418 | D:8      | Gained mutation: You are resistant to hostile enchantments.
                  | (MR+) [potion of mutation]
  7418 | D:8      | Gained mutation: Your body sometimes deteriorates upon
                  | taking damage. [potion of mutation]
  7418 | D:8      | Gained mutation: Your flesh is heat resistant. (rF+)
                  | [potion of mutation]
  7449 | D:8      | Killed Maurice
  7449 | D:8      | Reached skill level 11 in Armour
  7699 | D:8      | Found an opulent altar of Gozag.
  7775 | D:8      | Reached skill level 1 in Axes
  7937 | D:8      | Found a blossoming altar of Fedhas.
  7940 | D:8      | Found a basalt altar of Yredelemnul.
  7943 | D:8      | Found a glowing golden altar of the Shining One.
  7946 | D:8      | Found a sacrificial altar of Ru.
  8628 | D:9      | Found a staircase to the Lair.
  8807 | D:9      | Found Xuadu Osa's Food Boutique.
  8843 | D:10     | Entered Level 10 of the Dungeon
  8858 | D:10     | Reached skill level 5 in Dodging
  8945 | D:10     | Reached XP level 11. HP: 92/97 MP: 10/10
  9084 | D:10     | Reached skill level 12 in Armour
  9690 | D:10     | Noticed a two-headed ogre
  9702 | D:9      | Killed a two-headed ogre
  9702 | D:9      | Reached skill level 5 in Axes
 10306 | D:10     | Reached skill level 10 in Shields
 10473 | D:11     | Found a flagged portal.
 10482 | Bailey   | Entered a bailey
 10682 | Bailey   | Noticed an orc knight
 10709 | Bailey   | Noticed an orc knight
 10710 | Bailey   | Noticed an orc knight
 10710 | Bailey   | Noticed an orc knight
 10716 | Bailey   | HP: 2/99 [orc knight/+0 trident (36)]
 10718 | Bailey   | Mangled by an orc knight

Skill      XL: |  1  2  3  4  5  6  7  8  9 10 11 |
---------------+----------------------------------+-----
Armour         | 1 2 3 4 5 7 9 10 11 12 | 12.7
Long Blades    | 4 5 6 7 8 |  8.8
Fighting       | 4 5 6 7 8 9 |  9.9
Stealth        | 2 |  2.0
Dodging        | 4 5 6 |  6.1
Shields        | 4 7 9 10 | 10.4
Axes           | 4 6 |  6.7

Action                   |  1- 3 |  4- 6 |  7- 9 | 10-12 || total
-------------------------+-------+-------+-------+-------++-------
Melee: Falchion          |    74 |   154 |   586 |    69 ||   883
       Headbutt          |    13 |    38 |   146 |    98 ||   295
       War axe           |       |       |       |   297 ||   297
Throw: Stone             |       |       |    15 |    10 ||    25
Invok: Lunge             |       |    13 |    43 |    32 ||    88
       Whirlwind         |       |     5 |    98 |    60 ||   163
 Abil: Wall Jump         |       |     1 |     3 |       ||     4
  Use: Scroll            |       |     2 |     3 |     5 ||    10
       Potion            |       |       |     4 |     2 ||     6
 Stab: Distracted        |     1 |       |     1 |       ||     2
       Sleeping          |       |       |     1 |       ||     1
  Eat: Chunk             |     1 |     4 |    16 |    14 ||    35
Armor: Ring mail         |    33 |    34 |    57 |       ||   124
       Chain mail        |       |       |   156 |   130 ||   286
       Troll leather arm |       |       |       |    27 ||    27
Dodge: Dodged            |    45 |    94 |   261 |   196 ||   596
Block: Buckler           |       |       |    42 |   123 ||   165
       Rpst.: Falchion   |     9 |    23 |    70 |     2 ||   104
